 Dungeon Crawl Stone Soup version 0.31-a0-175-g9f7f995f2b (webtiles) character file.

Game seed: 7471625410576175537

105 qw the Chopper (level 4, 0/28 HPs)
             Began as a Gargoyle Fighter on June 16, 2023.
             Slain by Natasha (3 damage)
             ... on level 2 of the Dungeon.
             The game lasted 00:00:46 (1431 turns).

qw the Chopper (Gargoyle Fighter)                   Turns: 1431, Time: 00:00:47

Health: 0/28       AC: 14    Str: 21    XL:     4   Next: 83%
Magic:  4/4        EV:  9    Int:  9    God:
Gold:   36         SH:  4    Dex:  9    Spells: 3/3 levels left

rFire   . . .        Y - +0 war axe
rCold   . . .        c - +0 buckler
rNeg    + . .        b - +0 scale mail
rPois   inf          (no helmet)
rElec   +            (no cloak)
rCorr   .            (no gloves)
SInv    .            (no boots)
Will    .....        (no amulet) Stlth
                     l - +4 ring of protection
HPRegen 0.24/turn    (no ring)
MPRegen 0.09/turn

%: no passive effects
@: no status effects
A: sickness immunity, AC +3, negative energy resistance 1, electricity
resistance, torment resistance 1, petrification resistance
a: no special abilities


You were on level 2 of the Dungeon.
You visited 1 branch of the dungeon, and saw 2 of its levels.

You collected 36 gold pieces.


Innate Abilities, Weirdness & Mutations

You are immune to sickness and miasma.
Your stone body is resilient. (AC +3)
You are immune to poison.
You resist negative energy. (rN+)
You are resistant to electric shocks. (rElec)
You are resistant to unholy torment.
You are immune to petrification.


   Skills:
 - Level 3.2 Fighting
 + Level 4.4 Axes
 - Level 3.2 Armour
 - Level 3.2 Shields


You had 3 spell levels left.
You didn't know any spells.
Your spell library was empty.

Inventory:

Hand Weapons
 f - a +0 whip
 Y - a +0 war axe (weapon)
Missiles
 n - 4 boomerangs (quivered)
Armour
 a - a +0 helmet
 b - a +0 scale mail (worn)
 c - a +0 buckler (worn)
Jewellery
 l - a +4 ring of protection (left hand)
Scrolls
 k - a scroll of identify
Potions
 d - 2 potions of might
 e - a potion of mutation {unknown}
 g - a potion of enlightenment {unknown}
 h - a potion of cancellation {unknown}
 i - a potion of curing
 m - a potion of brilliance {unknown}

Dungeon Overview and Level Annotations

Branches:
Dungeon (2/15)

Altars:

Annotations:
D:2 Natasha


Message History

The magic dart hits you.
The cerulean imp hits you but does no damage.
You barely miss the cerulean imp. You hit something.
The cerulean imp hits you but does no damage.
Something claws you. Something claws you but does no damage.
The cerulean imp barely misses you.
You closely miss the cerulean imp. You closely miss something.
You block the cerulean imp's attack. Something claws you.
You miss the cerulean imp. You miss something.
The cerulean imp hits you but does no damage.
Something claws you but does no damage.
You miss the cerulean imp. You miss something.
The cerulean imp hits you but does no damage.
Something claws you.
The cerulean imp hits you but does no damage.
Something claws you but does no damage.
You miss the cerulean imp. You closely miss something.
The cerulean imp hits you but does no damage.
Something claws you but does no damage.
You closely miss the cerulean imp. You miss something.
You block the cerulean imp's attack. Something claws you!
You slash the cerulean imp!
The cerulean imp is almost dead.
You miss something.
The cerulean imp hits you but does no damage.
You hear some strange, mumbled words. x2
Something tries to affect you, but you resist.
The cerulean imp misses you.
You closely miss the cerulean imp.
The cerulean imp is severely wounded.
You barely miss something. You closely miss the cerulean imp.
Something claws you but does no damage. You block the cerulean imp's attack.
The cerulean imp barely misses you.
You hit the cerulean imp.
You kill the cerulean imp!
The cerulean imp disappears in a puff of smoke!
You barely miss something. You completely miss the cerulean imp.
The cerulean imp hits you but does no damage.
Something claws you.
You die...

#.# #. #.# #. #.# ##'#
#.# ##...## #.###
##.....## #. #.#.##
##.......## ...
#....####........ยค##....
........'.......@.'.....
##...####......5.{##.#..
#........#.......##
#.##.###.##.....## #.##.#
##...## #.##.# ##'##
#....# .# #.# #..### #.#
#.# #..# ##.####.##


You could see a cerulean imp (summoned).

Vanquished Creatures
  Jessica (D:2)
  Natasha (D:2)
  Robin (D:2)
  6 endoplasms (D:1)
  3 giant cockroaches
  9 goblins
  3 hobgoblins (D:2)
  A quokka (D:2)
  3 ball pythons
  3 bats (D:1)
  2 frilled lizards
  5 kobolds
  5 rats (D:1)
43 creatures vanquished.

Notes
Turn   | Place    | Note
-------+----------+-------------------------------------------
     0 | D:1      | qw the Gargoyle Fighter began the quest for the Orb.
     0 | D:1      | Reached XP level 1. HP: 14/14 MP: 1/1
     0 | D:1      | 0 ||| qw: Version: 0.2-a-29-g511e9b1
     0 | D:1      | 0 ||| qw: Game counter: 5839
     0 | D:1      | 0 ||| qw: Always use a shield: true
     0 | D:1      | 0 ||| qw: God list: Okawaru
     0 | D:1      | 0 ||| qw: Allow faded altars: false
     0 | D:1      | 0 ||| qw: Do Orc after D:15 true
     0 | D:1      | 0 ||| qw: Do second Lair branch before Depths: true
     0 | D:1      | 0 ||| qw: Lair rune preference: random
     0 | D:1      | 0 ||| qw: Plans: Normal, Zot:1-4, Slime:5, God:TSO, Crypt,
                  | Tomb, Abyss, Pan, Hells, Win
     0 | D:1      | 0 ||| PLANNING D:1-11
    38 | D:1      | 38 ||| Stepping ~*~*~tactically~*~*~ (stealth).
    49 | D:1      | Reached skill level 2 in Axes
   113 | D:1      | Reached XP level 2. HP: 19/19 MP: 2/2
   495 | D:1      | Reached skill level 3 in Axes
   553 | D:1      | Reached XP level 3. HP: 23/23 MP: 3/3
   692 | D:1      | 692 ||| UPGRADING to +4 ring of protection.
   693 | D:1      | 693 ||| READING scroll labelled XUDOQIUSHOY.
   694 | D:1      | 694 ||| READING 2 scrolls labelled JIONUU ISHRIRO.
   695 | D:1      | 695 ||| READING scroll labelled SICHEM HIAKK.
   696 | D:1      | 696 ||| READING 3 scrolls labelled FOTSOG HIPHY.
   697 | D:1      | 697 ||| DRINKING 2 bubbling green potions.
   698 | D:1      | 698 ||| READING 2 scrolls of identify.
   698 | D:1      | 698 ||| IDENTIFYING smoky orange potion
   699 | D:1      | 699 ||| DROPPING scroll of vulnerability.
   792 | D:2      | Noticed Robin
   793 | D:2      | 793 ||| Stepping ~*~*~tactically~*~*~ (hiding).
   803 | D:2      | Killed Robin
   991 | D:2      | 991 ||| DROPPING +0 club.
  1039 | D:2      | Noticed Natasha
  1047 | D:2      | HP: 4/23 [Natasha (4)]
  1048 | D:2      | 1048 ||| DRINKING potion of heal wounds.
  1049 | D:2      | Killed Natasha
  1050 | D:2      | Reached skill level 4 in Axes
  1050 | D:2      | Reached XP level 4. HP: 28/28 MP: 4/4
  1126 | D:2      | 1126 ||| Stepping ~*~*~tactically~*~*~ (stealth).
  1128 | D:2      | 1128 ||| Stepping ~*~*~tactically~*~*~ (stealth).
  1244 | D:2      | Noticed Jessica
  1250 | D:2      | Killed Jessica
  1412 | D:2      | Noticed Natasha
  1428 | D:2      | HP: 2/28 [something (7)]
  1431 | D:2      | Slain by Natasha

Levels and vault maps discovered:
D:1:      lemuel_arrival_river_ford, layout_loops_ring, fountainhead
D:2:      layout_loops_corners, serial_park_tiny_pond, uniq_jessica,
          uniq_natasha, uniq_robin

Skill      XL: |  1  2  3 |
---------------+----------+-----
Axes           | 2 3 4 |  4.4
Fighting       | |  3.2
Armour         | |  3.2
Shields        | |  3.2

Action                     |  1- 3 |  4- 6 || total
---------------------------+-------+-------++-------
  Melee: War axe           |    87 |    28 ||   115
  Throw: Boomerang         |    15 |     5 ||    20
    Use: Scroll            |     5 |       ||     5
         Potion            |     2 |       ||     2
 Armour: Scale mail        |    36 |    24 ||    60
  Dodge: Dodged            |    35 |     8 ||    43
  Block: Buckler           |    15 |     7 ||    22

Table legend:
 A = Non-vault XP
 B = Vault XP
 C = Vault XP percentage of total XP
 D = Non-vault monster count
 E = Vault monster count
 F = Vault count percentage of total count
                 A         B        C        D         E       F
            +---------+---------+-------+---------+---------+-------
      Total |      55 |      96 |  63.6 |      35 |       8 |  18.6
            +---------+---------+-------+---------+---------+-------
        D:1 |      37 |       0 |   0.0 |      25 |       0 |   0.0
        D:2 |      18 |      96 |  84.2 |      10 |       8 |  44.4
            +---------+---------+-------+---------+---------+-------
